 Dungeon Crawl Stone Soup version 0.32-a0-656-g3542139ebd (webtiles) character file.

Game seed: 8227038155721215105

44 seren the Trooper (level 3, 0/43 HPs)
             Began as a Demonspawn Fighter on Mar 8, 2024.
             Succumbed to a kobold's poison
             ... on level 1 of the Dungeon.
             The game lasted 00:01:15 (605 turns).

seren the Trooper (Demonspawn Fighter)               Turns: 605, Time: 00:01:15

Health: 0/43       AC:  6    Str: 18    XL:     3   Next: 39%
Magic:  3/3        EV:  9    Int:  8    God:
Gold:   33         SH:  4    Dex: 12    Spells: 2/2 levels left

rFire   . . .        a - +0 flail
rCold   . . .        c - +0 buckler
rNeg    . . .        b - +0 scale mail
rPois   .            (no helmet)
rElec   .            (no cloak)
rCorr   .            (no gloves)
SInv    .            (no boots)
Will    .....        (no amulet) Stlth
                     (no ring)
HPRegen 1.27/turn    (no ring)
MPRegen 0.08/turn

%: no passive effects
@: berserking, lethally poisoned (0 -> -3), very quick
A: hooves 1, powered by death 1
a: no special abilities


You were on level 1 of the Dungeon.
You visited 1 branch of the dungeon, and saw 1 of its levels.

You collected 33 gold pieces.

Inventory:

Hand Weapons
 a - a +0 flail (weapon)
Missiles
 e - a throwing net (quivered)
Armour
 b - a +0 scale mail (worn)
 c - a +0 buckler (worn)
Scrolls
 f - a scroll of noise {unknown}
Potions
 d - a potion of might
 g - a potion of heal wounds {unknown}
 h - a potion of berserk rage


   Skills:
 + Level 3.3 Fighting
 * Level 2.5 Maces & Flails
 + Level 3.0 Armour
 + Level 3.0 Shields


You had 2 spell levels left.
You didn't know any spells.
Your spell library was empty.

Dungeon Overview and Level Annotations

Branches:
Dungeon (1/15)

Altars:


Innate Abilities, Weirdness & Mutations

You have large cloven feet.
You regenerate a little health from kills.


Message History

You miss the bat. The bat closely misses you.
The kobold hits you with a +1 whip of venom.
You are poisoned.
A jackal comes into view.
The kobold hits you with a +1 whip of venom.
You barely miss the ball python.
You feel very sick. The bat hits you but does no damage.
The ball python bites you but does no damage.
The ball python grabs you. The ball python constricts you.
* * * LOW HITPOINT WARNING * * *
The kobold hits you with a +1 whip of venom.
* * * LOW HITPOINT WARNING * * *
You are lethally poisoned!
The ball python bites you but does no damage.
The ball python constricts you.
The ball python's grasp on you weakens, but your attempt to escape fails.
* * * LOW HITPOINT WARNING * * *
You feel very sick. The kobold hits you but does no damage.
You are more poisoned.
The ball python bites you but does no damage.
The ball python constricts you.
You escape the ball python's grasp.
* * * LOW HITPOINT WARNING * * *
You feel very sick. The bat closely misses you.
* * * LOW HITPOINT WARNING * * *
You feel very sick. The bat misses you.
It was a potion of berserk rage.
A red film seems to cover your vision as you go berserk!
You feel yourself moving faster!
You feel mighty!
* * * LOW HITPOINT WARNING * * *
You feel very sick. You block the bat's attack.
You are too berserk!
You bludgeon the bat!!
You kill the bat!
You die...

### .. ## . ##.##
# ....##
###.....##
#SK.h..... ####
#.#K...... ...#
#@##h..... ##.# #.
#.# #..#.. #.# #.#
#.# #.# . #.# #.#
#.# .# #.# #.# #.#
# ##.####### #.#
#.# .........# #.#
#.#
......##.###.###.#
#
####..##.........#
.


You could see a ball python and a kobold.

Vanquished Creatures
  2 dart slugs (D:1)
  7 bats (D:1)
  4 endoplasms (D:1)
  A giant cockroach (D:1)
  3 goblins (D:1)
  5 hobgoblins (D:1)
  3 jackals (D:1)
  2 quokkas (D:1)
  A ball python (D:1)
  2 frilled lizards (D:1)
  4 kobolds (D:1)
  A rat (D:1)
35 creatures vanquished.

Notes
Turn   | Place    | Note
-------+----------+-------------------------------------------
     0 | D:1      | seren the Demonspawn Fighter began the quest for the Orb.
     0 | D:1      | Reached XP level 1. HP: 18/18 MP: 1/1
   168 | D:1      | Gained mutation: You regenerate a little health from kills.
                  | [demonic ancestry]
   168 | D:1      | Reached XP level 2. HP: 24/24 MP: 2/2
   385 | D:1      | Gained mutation: You have large cloven feet. [demonic
                  | ancestry]
   385 | D:1      | Reached XP level 3. HP: 29/29 MP: 3/3
   604 | D:1      | HP: 2/43 [poisoned by a kobold]
   605 | D:1      | Succumbed to a kobold's poison

Illustrated notes

Levels and vault maps discovered:
D:1:      lightli_iron_boxes, layout_loops_ring, serial_bayou_pond_b,
          minmay_distorted

Skill      XL: |  1  2 |
---------------+-------+-----
Maces & Flails | 2 |  2.5
Armour         | 3 |  3.0
Shields        | 3 |  3.0
Fighting       | |  3.3

Action                     || total
---------------------------++-------
  Melee: Flail             ||   113
         Kick              ||     6
    Use: Potion            ||     1
 Armour: Scale mail        ||    88
  Dodge: Dodged            ||    55
  Block: Buckler           ||    35

Table legend: (Time is in decaauts)
 A = Elapsed time spent in this place.
 B = Non-inter-level travel time spent in this place.
 C = Inter-level travel time spent in this place.
 D = Time resting spent in this place.
 E = Time spent auto-exploring this place.
 F = Levels seen in this place.
 G = Mean time per level.
                   A        B        C        D        E       F      G
               +--------+--------+--------+--------+--------+-----+--------+
         Total |    643 |    643 |      0 |      0 |    423 |   1 |  643.0 |
       Dungeon |    643 |    643 |      0 |      0 |    423 |   1 |  643.0 |
               +--------+--------+--------+--------+--------+-----+--------+

Top non-repeatable levels by time:
     D:1: 643 daAuts
